 Dungeon Crawl Stone Soup version 0.20-a0-941-gba1b1f9 (webtiles) character file.

128 HeyBub the Ruffian (level 4, -2/45 HPs)
             Began as a Troll Monk on Mar 31, 2017.
             Was a Believer of Ashenzari.
             Slain by a goblin (4 damage)
             ... on level 3 of the Dungeon.
             The game lasted 00:02:27 (1811 turns).

HeyBub the Ruffian (Troll Monk)                     Turns: 1811, Time: 00:02:28

Health: -2/45      AC:  5    Str: 22    XL:     4   Next: 87%
Magic:  3/3        EV: 10    Int:  6    God:    Ashenzari [**....]
Gold:   108        SH:  0    Dex: 10    Spells: 3/3 levels left

rFire    . . .     SeeInvis .     - Unarmed
rCold    . . .     Gourm    +   (no shield)
rNeg     . . .     Faith    .   a - +0 robe
rPois    .         Spirit   .   (helmet restricted)
rElec    .         Reflect  .   (no cloak)
rCorr    .         Harm     .   (gloves unavailable)
MR       .....                  (boots unavailable)
Stlth    ++........             (no amulet)
Regen    0.6/turn               (no ring)
MPRegen  0.1/turn               (no ring)

@: no status effects
A: unfitting armour, claws 3, clumsy 1, fast metabolism 3, gourmand,
regeneration 1, shaggy fur 1, strong 1, tough skin 2
a: Curse Item, Scrying, Renounce Religion


You were on level 3 of the Dungeon.
You worshipped Ashenzari.
Ashenzari was pleased with you.
You were very full.

You visited 1 branch of the dungeon, and saw 3 of its levels.

You collected 108 gold pieces.

Inventory:

Armour
 a - a +0 robe (worn)
Scrolls
 c - a scroll of fear {unknown}
 e - 2 scrolls of recharging {unknown}
 f - 2 scrolls of enchant armour {unknown}
 g - 2 scrolls of teleportation {unknown}
 i - a scroll of fog {unknown}
 k - 2 scrolls of remove curse
 m - 2 scrolls of identify {unknown}
 n - a scroll of amnesia {unknown}
Potions
 j - a potion of ambrosia {unknown}
Comestibles
 b - 3 bread rations
 h - 2 meat rations
 l - 7 fruits


   Skills:
 - Level 3.2 Fighting
 - Level 3.2 Dodging
 - Level 2.1 Stealth
 + Level 4.6 Unarmed Combat


You had 3 spell levels left.
You didn't know any spells.

Dungeon Overview and Level Annotations

Branches:
Dungeon (3/15)

Altars:
Ashenzari
Fedhas
Qazlal
Vehumet


Innate Abilities, Weirdness & Mutations

You are too large for most types of armour.
You have claws for hands.
Your metabolism is lightning-fast.
You like to eat raw meat.
Your natural rate of healing is unusually fast.
You are covered in fur. (AC +1)
You have very tough skin. (AC +2)
You are clumsy. (Dex -2)
Your muscles are strong. (Str +2)


Message History

The centaur is moderately wounded.
The centaur hits you but does no damage.
The ooze closely misses you. The goblin hits you but does no damage.
The centaur closely misses you.
You barely miss the centaur.
The centaur is moderately wounded.
The centaur hits you. The goblin hits you but does no damage.
The ooze barely misses you.
You claw the centaur!
The centaur is severely wounded.
The centaur hits you!
* * * LOW HITPOINT WARNING * * *
The ooze closely misses you. The goblin hits you.
* * * LOW HITPOINT WARNING * * *
The centaur barely misses you.
You don't have enough magic capacity.
It was a potion of mutation.
You feel extremely strange.
You feel clumsy.
You feel stronger. The centaur closely misses you. The goblin hits you.
You die...

#.#.####....# *
*,........##.#
, ,
,#..#.(.<...#
,,, ..#....####
, ,
####.#.(.....#
,
##....#.##.##.#
#........#.##.#
,
#.....(.......*
, , ,
#.##.@..##.###
......Jcg.##.#
* , ,
..#.......##.#
#.....?..#.#
....<.#.#.#, *
, ,
#.#......... ,
, * .
.!.###..... ,
##.. .....# **


You could see a centaur, an ooze and a goblin.

Vanquished Creatures
  Terence (D:2)
  4 adders
  3 dart slugs (D:2)
  2 leopard geckos
  4 orcs (D:3)
  2 giant cockroaches (D:3)
  8 goblins
  4 hobgoblins
  6 jackals
  5 kobolds
  A quokka (D:3)
  7 bats
  4 frilled lizards
  9 rats
60 creatures vanquished.

Notes
Turn   | Place    | Note
-------+----------+-------------------------------------------
     0 | D:1      | HeyBub the Troll Monk began the quest for the Orb.
     0 | D:1      | Reached XP level 1. HP: 23/23 MP: 0/0
    11 | D:1      | Found a shattered altar of Ashenzari.
    20 | D:1      | Became a worshipper of Ashenzari the Shackled
    20 | D:1      | Reached * piety under Ashenzari
    20 | D:1      | Reached ** piety under Ashenzari
   206 | D:1      | Reached skill level 1 in Unarmed Combat
   316 | D:1      | Reached XP level 2. HP: 27/31 MP: 1/1
   599 | D:1      | Reached skill level 2 in Unarmed Combat
   830 | D:2      | Noticed Terence
   844 | D:2      | Killed Terence
   844 | D:2      | Reached skill level 3 in Unarmed Combat
   844 | D:2      | Reached XP level 3. HP: 28/37 MP: 2/2
  1071 | D:2      | Reached XP level 4. HP: 37/45 MP: 3/3
  1297 | D:2      | Found a stormy altar of Qazlal.
  1311 | D:2      | Reached skill level 4 in Unarmed Combat
  1345 | D:2      | Found a blossoming altar of Fedhas.
  1491 | D:3      | Found a blossoming altar of Fedhas.
  1624 | D:3      | Found a radiant altar of Vehumet.
  1802 | D:3      | Noticed a centaur
  1810 | D:3      | HP: 2/45 [goblin (4)]
  1811 | D:3      | Gained mutation: You are clumsy. (Dex -2) [potion of mutation]
  1811 | D:3      | Gained mutation: Your muscles are strong. (Str +2) [potion of mutation]
  1811 | D:3      | Slain by a goblin

Vault maps used:
D:1:      dpeg_arrival_fog, evilmike_ruin_ashenzari
D:2:      overflow_temple_1_default, lemuel_coloured_pillars_altar,
          minmay_tetromino_l4, uniq_terence
D:3:      zin_academy, lemuel_doored_altar, fedhas_altar_3

Skill      XL: |  1  2  3  4 |
---------------+-------------+-----
Unarmed Combat | 1 3 4 |  4.6
Fighting       | |  3.2
Dodging        | |  3.2
Stealth        | |  2.1

Action                   |  1- 3 |  4- 6 || total
-------------------------+-------+-------++-------
Melee: Unarmed           |    78 |    64 ||   142
       Punch             |     1 |       ||     1
  Use: Potion            |       |     1 ||     1
 Stab: Sleeping          |     5 |     4 ||     9
  Eat: Chunk             |     2 |     9 ||    11
       Bread ration      |     2 |       ||     2
Armor: Robe              |    17 |    33 ||    50
Dodge: Dodged            |    31 |    42 ||    73
